 Dungeon Crawl Stone Soup version 0.23-a0-844-gdc03e01 (webtiles) character file.

93 tilp the Chiller (level 4, -1/30 HPs)
             Began as a Merfolk Ice Elementalist on Jan 26, 2019.
             Slain by an orc
             ... wielding a +0 war axe
              (8 damage)
             ... on level 2 of the Dungeon.
             The game lasted 00:06:04 (1965 turns).

tilp the Chiller (Merfolk Ice Elementalist)         Turns: 1965, Time: 00:06:04

Health: -1/30      AC:  3    Str:  8    XL:     4   Next: 61%
Magic:  0/7        EV: 13    Int: 15    God:
Gold:   127        SH:  0    Dex: 14    Spells: 4/7 levels left

rFire    . . .     SeeInvis .   a - +0 spear
rCold    . . .     Gourm    .   (no shield)
rNeg     . . .     Faith    .   d - +0 robe
rPois    .         Spirit   .   (no helmet)
rElec    .         Reflect  .   k - +0 cloak
rCorr    .         Harm     .   (no gloves)
MR       .....                  (no boots)
Stlth    ++........             (no amulet)
HPRegen  0.10/turn              (no ring)
MPRegen  0.10/turn              (no ring)

@: no status effects
A: change form in water, swift swim, stealthy swim
a: no special abilities


You were on level 2 of the Dungeon.
You were not hungry.

You visited 1 branch of the dungeon, and saw 3 of its levels.

You collected 127 gold pieces.

Inventory:

Hand Weapons
 a - a +0 spear (weapon)
Missiles
 g - 33 stones (quivered)
Armour
 d - a +0 robe (worn)
 k - a +0 cloak (worn)
Wands
 o - a wand of polymorph (8)
 r - a wand of digging (5)
Scrolls
 e - 2 scrolls of identify
 h - a scroll of fog
 j - 2 scrolls of teleportation
 l - 2 scrolls of remove curse
 n - a scroll of magic mapping {unknown}
 p - a scroll of blinking {unknown}
Potions
 b - a potion of curing
 f - 3 potions of might {unknown}
 i - a potion of heal wounds
 m - 2 potions of flight
 s - a potion of agility {unknown}
Comestibles
 c - 9 rations
 q - 2 chunks of flesh


   Skills:
 + Level 3.0 Polearms
 - Level 2.6 Dodging
 - Level 2.1 Stealth
 - Level 2.0 Spellcasting
 - Level 0.7 Conjurations
 * Level 5.1 Ice Magic


You had 4 spell levels left.
You knew the following spells:

 Your Spells              Type           Power        Failure   Level  Hunger
a - Freeze                Ice            ###.         2%          1    #......
b - Throw Frost           Conj/Ice       ##....       10%         2    ###....

Your spell library contained the following spells:

 Spells                   Type           Power        Failure   Level  Hunger
 Ozocubu's Armour         Chrm/Ice       #.......     22%         3    ###....
 Throw Icicle             Conj/Ice       ##......     54%         4    #####..
 Summon Ice Beast         Ice/Summ       #.......     58%         4    #####..


Dungeon Overview and Level Annotations

Branches:
Dungeon (3/15)

Altars:
Ashenzari
Fedhas
Okawaru


Message History

Casting: Freeze (safe; 2% risk of failure)
Confirm with . or Enter, or press ? or * to list all spells.
Aiming: Freeze (safe; 2% risk of failure)
Press: ? - help, Shift-Dir - straight line, f - orc
Aim: an orc, wielding a +0 war axe and wearing a +0 ring mail You freeze the orc.
The orc is moderately wounded.
The orc hits you with a +0 war axe.
You are too injured to fight recklessly!
You are too injured to fight recklessly!
You are too injured to fight recklessly!
You are too injured to fight recklessly!
You hit the orc but do no damage.
The orc is moderately wounded.
The orc hits you with a +0 war axe!
* * * LOW HITPOINT WARNING * * *
You barely miss the orc.
The orc is moderately wounded.
The orc hits you with a +0 war axe!
You die...

#############################
#....##........#..........##.
#....##........#.............
#....##........#.............
#....##........#.............
#..........o........##.......
#...........@.....>.'........
#...................#........
###..........########)####...
#.......#..........[...#...
#.......#..............###.
#.......#..............###.
###....................###..
#...............##..........
#...............##..........


You could see an orc.

Vanquished Creatures
  An orc priest (D:3)
  2 adders (D:2)
  An ooze (D:3)
  A leopard gecko (D:2)
  3 orcs (D:3)
  8 goblins
  6 hobgoblins
  4 kobolds (D:1)
  A ball python (D:3)
  3 bats
  A frilled lizard (D:3)
  6 rats
37 creatures vanquished.

Notes
Turn   | Place    | Note
-------+----------+-------------------------------------------
     0 | D:1      | tilp the Merfolk Ice Elementalist began the quest for the
                  | Orb.
     0 | D:1      | Reached XP level 1. HP: 13/13 MP: 3/3
   325 | D:1      | Reached XP level 2. HP: 19/19 MP: 5/5
   329 | D:1      | Learned a level 2 spell: Throw Frost
   460 | D:1      | Reached skill level 1 in Polearms
   523 | D:1      | Reached skill level 4 in Ice Magic
   968 | D:2      | Found a blossoming altar of Fedhas.
  1063 | D:2      | Reached XP level 3. HP: 18/24 MP: 3/6
  1350 | D:2      | Found an iron altar of Okawaru.
  1352 | D:2      | Found a shattered altar of Ashenzari.
  1354 | D:2      | Found a blossoming altar of Fedhas.
  1737 | D:3      | Reached XP level 4. HP: 26/30 MP: 7/7
  1947 | D:3      | Reached skill level 5 in Ice Magic
  1965 | D:2      | Slain by an orc

Vault maps used:
D:1:      lordsloth_arrival_two_stooges, minmay_tetromino_t4
D:2:      minitemple, corexii_item_surrounded_by_moat, fedhas_ov_isle_minmay
D:3:      gammafunk_temple_overflow_pools, minmay_bisected, uniq_grinder

Skill      XL: |  1  2  3  4 |
---------------+-------------+-----
Polearms       | 1 2 3 |  3.0
Ice Magic      | 4 5 |  5.1
Dodging        | |  2.6
Stealth        | |  2.1
Spellcasting   | |  2.0
Conjurations   | |  0.7

Action                   |  1- 3 |  4- 6 || total
-------------------------+-------+-------++-------
Melee: Spear             |    55 |    13 ||    68
Throw: Stone             |     1 |       ||     1
 Cast: Freeze            |    27 |    10 ||    37
  Use: Scroll            |     6 |       ||     6
 Stab: Sleeping          |     6 |     1 ||     7
  Eat: Chunk             |     3 |     1 ||     4
Armor: Robe              |     6 |     1 ||     7
Dodge: Dodged            |    37 |     8 ||    45

Table legend:
 A = Non-vault XP
 B = Vault XP
 C = Vault XP percentage of total XP
 D = Non-vault monster count
 E = Vault monster count
 F = Vault count percentage of total count
                 A         B        C        D         E       F
            +---------+---------+-------+---------+---------+-------
      Total |     122 |      11 |   8.3 |      31 |       6 |  16.2
            +---------+---------+-------+---------+---------+-------
        D:1 |      15 |       3 |  16.7 |       9 |       2 |  18.2
        D:2 |      45 |       0 |   0.0 |      14 |       0 |   0.0
        D:3 |      62 |       8 |  11.4 |       8 |       4 |  33.3
            +---------+---------+-------+---------+---------+-------
